Description

1

Build Order

Get SALT Encoding   

  14  0:19  Pylon  Wall
  16  0:44  Gateway  Scout
  17  0:48  Assimilator  
  20  1:26  Nexus  
  201  1:38  Cybernetics Core  
  21  1:45  Assimilator  
  22  1:55  Pylon  
  24  2:10  Adept, Warp Gate  
  26  2:18  Stargate  
  29  2:35  Stalker  
  39  3:05  Oracle  
  39  3:13  Pylon  
  46  3:30  Phoenix  
  45  3:33  Gateway  
  46  3:43  Robotics Facility  
  46  3:46  Assimilator  x2 Both at natural
  48  4:00  Pylon  
  51  4:25  Gateway  
  51  4:13  Twilight Council  
  53  4:25  Gateway  
  56  4:33  Warp Prism  
  56  4:45  Pylon  
  56  4:52  Templar Archives  
  56  4:53  Nexus  
  58  5:05  Forge  
  60  5:17  Pylon  
  62  5:28  Gateway, High Templar  x4 - 2 Archon Drop, x2 (Both at Natural)
  72  5:38  Observer, Assimilator  
  73  5:45  Protoss Ground Weapons Level 1  
  75  5:54  Charge  
  77  6:06  Psionic Storm  
Spawning Tool Build Advisor. Get it on Overwolf

Analysis

2

Go to:

Details

  • Created by: darkspy13
  • Published on: Jul 10, 2018
  • Modified on: Jul 10, 2018
  • Patch: 4.0.0
Show
View Real Time Build Order
Export as new Build Order

Comments (0)

There are no comments. Be the first!

Create an account to comment!